 Dungeon Crawl Stone Soup version 0.27.0-1-g7a089689b8 (webtiles) character file.

Game seed: 17098791152790790511

111939 robertstho the Eclecticist (level 17, -9/125 HPs)
             Began as a Djinni Fire Elementalist on Aug 5, 2021.
             Was an Initiate of Gozag.
             Mangled by Rupert (27 damage)
             ... on level 12 of the Dungeon.
             The game lasted 01:02:07 (21009 turns).

robertstho the Eclecticist (DjFE)                  Turns: 21009, Time: 01:02:10

Health: -9/125     AC: 20    Str:  9    XL:     17   Next: 14%
Gold:   3394       EV: 21    Int: 27    God:    Gozag SH:  0 Dex: 13

rFire    + + +     SeeInvis +   D - +6 executioner's axe "Keady" {drain, Int+4 Dex+3}
rCold    x . .     Faith    .   (shield currently unavailable)
rNeg     . . .     Spirit   .   i - +3 troll leather armour "Syorao" {rPois Will+ Regen+ rCorr Dex-3}
rPois    ∞         Reflect  .   P - +1 helmet of a bazaar {rElec rF++ Dex-2 Slay+4}
rElec    +         Harm     .   E - +1 cloak {Stlth+}
rCorr    +         Rampage  .   k - +5 pair of gloves "Sowiehesm" {rF+ Stlth+}
Will     ++...                  (boots unavailable)
Stlth    +++++.....             f - amulet of regeneration
HPRegen  2.30/turn              r - +4 ring of evasion
MPRegen  0.00/turn              q - ring of see invisible

@: mighty, gold aura, flying, very slightly contaminated, invisible, bribing
[the Dungeon]
A: sickness immunity, fire resistance 2, cold vulnerability 1, float, innate
caster, hp casting, extra vitality 1, iridescent scales 1, strong 1
a: Renounce Religion, Potion Petition, Call Merchant, Bribe Branch


You were on level 12 of the Dungeon.
You worshipped Gozag.
Gozag was most pleased with you.
You visited 5 branches of the dungeon, and saw 24 of its levels.
You also visited: Ossuary.

You collected 9968 gold pieces.
You spent 2740 gold pieces at shops.
You paid 3834 gold pieces to Gozag.

Inventory:

Hand Weapons
 D - the +6 executioner's axe "Keady" (weapon) {drain, Int+4 Dex+3}
   (You acquired it on level 7 of the Dungeon)

   A truly terrible weapon, it drains the life of any living foe it strikes.
   Int:       It affects your intelligence (+4).
   Dex:       It affects your dexterity (+3).
 N - the +6 hand axe "Lahod" {elec, rF+ SInv}
   (You found it on level 3 of the Lair of Beasts)

   It occasionally discharges a powerful burst of electricity upon striking a
   foe.
   rF:        It protects you from fire.
   SInv:      It lets you see invisible.
Armour
 i - the +3 troll leather armour "Syorao" (worn) {rPois Will+ Regen+ rCorr Dex-3}
   (You bought it in a shop on level 8 of the Dungeon)

   Dex:       It affects your dexterity (-3).
   rPois:     It protects you from poison.
   Regen:     It increases your rate of health regeneration.
   rCorr:     It protects you from acid and corrosion.
   Will:      It increases your willpower.
 k - the +5 pair of gloves "Sowiehesm" (worn) {rF+ Stlth+}
   (You found it on level 7 of the Dungeon)

   rF:        It protects you from fire.
   Stlth:     It makes you more stealthy.
 C - a +2 kite shield
 E - a +1 cloak of stealth (worn)
 P - the +1 helmet of a bazaar (worn) {rElec rF++ Dex-2 Slay+4}
   (You acquired it on level 3 of the Lair of Beasts)

   Dex:       It affects your dexterity (-2).
   Slay:      It affects your accuracy & damage with ranged weapons and melee
   (+4).
   rF:        It greatly protects you from fire.
   rElec:     It insulates you from electricity.
Jewellery
 c - a ring of positive energy
 f - an amulet of regeneration (around neck)
 q - a ring of see invisible (right hand)
 r - a +4 ring of evasion (left hand)
 Q - a +6 ring of strength
 V - a +6 ring of strength
Wands
 H - a wand of digging (6)
 S - a wand of mindburst (11)
Scrolls
 a - 5 scrolls of enchant weapon
 b - 4 scrolls of vulnerability
 h - 6 scrolls of fog
 m - 13 scrolls of identify
 n - 4 scrolls of magic mapping
 o - 3 scrolls of teleportation
 p - 3 scrolls of immolation
 u - 12 scrolls of enchant armour
 v - a scroll of brand weapon
 F - 4 scrolls of holy word
 M - a scroll of silence
 R - a scroll of summoning
Potions
 e - 4 potions of might
 j - 2 potions of cancellation
 l - 3 potions of resistance
 t - 3 potions of attraction
 w - 8 potions of curing
 x - 7 potions of haste
 A - 3 potions of brilliance
 G - a potion of heal wounds
 O - 9 potions of ambrosia


   Skills:
 * Level 12.5 Fighting
 + Level 7.6 Axes
 + Level 4.6 Armour
 * Level 13.4 Dodging
 + Level 4.8 Stealth
 + Level 15.6 Spellcasting


You couldn't memorise any spells.
You knew the following spells:

 Your Spells              Type           Power      Damage    Failure   Level
a - Foxfire               Conj/Fire      100%       2x1d9     0%          1
b - Conjure Flame         Conj/Fire      81%        6-21      0%          3
c - Inner Flame           Hex/Fire       81%        N/A       0%          3
d - Sticky Flame          Conj/Fire      81%        2d9       1%          4
e - Fireball              Conj/Fire      40%        3d16      1%          5
f - Animate Skeleton      Necr           100%       N/A       0%          1
g - Searing Ray           Conj           100%       3d7       0%          2
h - Swiftness             Air            81%        N/A       0%          3
i - Cause Fear            Hex            40%        N/A       1%          4
j - Airstrike             Air            40%        N/A       1%          4
k - Summon Mana Viper     Hex/Summ       81%        N/A       1%          5
l - Eringya's Noxious Bo  Tmut/Pois      40%        N/A       1%          6
m - Spellforged Servitor  Conj/Summ      40%        N/A       4%          7
Your spell library was empty.

Dungeon Overview and Level Annotations

Branches:
Dungeon (12/15)            Temple (1/1) D:6            Lair (6/6) D:8
  Swamp (0/4) Lair:2        Snake (3/4) Lair:3        Slime (0/5) Lair:6
    Orc (2/2) D:11            Elf (0/3) Orc:2       Ossuary (visited)

Altars:
Ashenzari
Cheibriados
Dithmenos
Elyvilon
Fedhas
Gozag
Hepliaklqana
Kikubaaqudgha
Makhleb
Nemelex Xobeh
Okawaru
Qazlal
Ru
Sif Muna
Trog
Uskayaw
Vehumet
Wu Jian
Xom
Yredelemnul
Zin
The Shining One
Jiyva

Shops:
D:8 [*[[   D:11 [   Orc:1 (   Orc:2 *=(:

Annotations:
D:12 Rupert
Snake:1 3 runed translucent doors, Pusifiv's ghost, adept DjCj
Snake:3 Saint Roka


Innate Abilities, Weirdness & Mutations

You are immune to sickness and miasma.
You are immune to poison.
Your flesh is very heat resistant. (rF++)
You are vulnerable to cold. (rC-)
You float through the air rather than walking.
You learn spells naturally, not from books.
Your magical power is your life essence.
You have superior vitality. (+4 HP)
You are partially covered in iridescent scales. (AC +2)
Your muscles are strong. (Str +2)


Message History

Aim: Rupert, wielding a +3 vampiric executioner's axe and wearing a +0 ring mail (severely wounded, berserk)
The fireball explodes!
The fireball engulfs Rupert!!
Rupert is severely wounded.
The fireball engulfs the komodo dragon!!
You kill the komodo dragon!
You hear a shout!
You hear an angry buzzing noise.
You hear a shout!
Unknown command.
Casting: Fireball (safe; 1% risk of failure)
Confirm with . or Enter, or press ? or * to list all spells.
Aiming: Fireball (safe; 1% risk of failure)
Press: ? - help, Shift-Dir - straight line, f/p - Rupert
Aim: Rupert, wielding a +3 vampiric executioner's axe and wearing a +0 ring mail (severely wounded, berserk)
The fireball explodes!
The fireball engulfs Rupert!!
Rupert is almost dead.
You hear an angry buzzing noise.
You hear a shout!
Rupert rages.
The boggart mumbles some strange words.
Rupert hits you with a +3 vampiric executioner's axe!!!
* * * LOW HITPOINT WARNING * * *
A slime creature comes into view.
Unknown command.
Okay, then. [a] - 580 gold - heal wounds, curing, invisibility and might [b] - 250 gold - heal wounds and berserk rage [c] - 336 gold - heal wounds, curing, might and brilliance Purchase which effect?
You feel much better.
You feel better.
You fade into invisibility!
You feel very mighty all of a sudden.
The vampire mosquito is distracted by your dazzling golden aura.
Rupert misses you.
You are very lightly contaminated with residual magic.
Do you want to bribe the denizens of the Dungeon?
Gozag spreads your bribe to the Dungeon!
Rupert hits you with a +3 vampiric executioner's axe!!
* * * LOW HITPOINT WARNING * * *
A slime creature comes into view.
The yak is distracted by your dazzling golden aura.
Rupert hits you with a +3 vampiric executioner's axe!!
You die...
Your body crumbles into a pile of gold.

....## .# .l##. . .
#.W.. .. ..g.$ .#
#..J< .# ...y$###
##.# $ #yJ$####..#
#gY....# ####@@.#
#.#.# ##.#.# #
#.######..#...#
#........####.###
##........#.......
#...............).
#.................
#..................


You could see Rupert (berserk), 2 slime creatures, a yak (unaware), 2 vampire
mosquitoes and a gnoll.

Vanquished Creatures
  Nikola (Snake:1)
  Frances (Snake:1)
  Kirke (Snake:3)
  A nagaraja (Snake:1)
  A rakshasa (D:12)
  A naga warrior (Snake:2)
  Harold (D:6)
  A boulder beetle (D:9)
  A centaur warrior (D:12)
  9 hydras
  4 anacondas
  2 catoblepae
  3 two-headed ogres
  An alligator (Snake:1)
  4 orc high priests (Orc:2)
  Urug (Lair:2)
  6 shock serpents
  Sonja (D:11)
  7 naga sharpshooters
  Nergalle (D:11)
  A goliath frog (Snake:1)
  A swamp dragon (Snake:1)
  A naga ritualist (Snake:2)
  3 sea snakes (Snake:1)
  5 orc knights
  Pikel (D:6)
  2 mana vipers
  6 orc sorcerers
  2 wolf spiders (Lair:6)
  A cyclops (D:11)
  A guardian serpent (Lair:6)
  5 elephants
  23 black mambas
  Maurice (D:9)
  9 naga magi
  23 cane toads
  Maggie (D:7)
  A torpor snail (Lair:2)
  Psyche (D:11)
  15 komodo dragons
  3 kobold demonologists (D:9)
  13 rime drakes
  An efreet (D:10)
  A tengu conjurer (D:12)
  A troll (Orc:2)
  5 polar bears
  2 tyrant leeches
  A queen bee (shapeshifter) (D:11)
  2 hornets (Lair:6)
  A queen bee (Lair:3)
  13 blink frogs
  Sigmund (D:2)
  3 redbacks (Lair:6)
  12 wyverns
  4 basilisks
  2 wraiths (D:10)
  5 hogs (Snake:3)
  78 yaks
  Grum (D:9)
  13 steam dragons
  4 vampire mosquitoes
  Menkaure (D:7)
  4 swamp worms
  10 nagas
  34 water moccasins
  26 orc warriors
  A swamp drake (Snake:1)
  4 black bears
  2 ice beasts
  A sky beast (D:6)
  3 necrophages
  6 ogres
  5 wolves
  5 centaurs
  A lemure (D:6)
  A phantom (D:4)
  6 kobold brigands
  2 elf zombies (Ossuary)
  13 bullfrogs
  3 gnoll sergeants
  12 wights (D:7)
  25 killer bees (Lair:3)
  3 electric eels
  3 centaur zombies
  3 bullfrog skeletons
  A gnoll shaman (D:8)
  A hound (D:6)
  2 jellies (D:5)
  Crazy Yiuf (D:2)
  2 centaur skeletons
  A human zombie (Ossuary)
  20 orc priests
  Jessica (D:2)
  12 iguanas
  22 orc wizards
  2 killer bee zombies (D:7)
  A hound skeleton (D:5)
  2 mummies (Ossuary)
  2 howler monkey zombies
  Robin (D:2)
  6 adders
  12 gnolls
  An ufetubus (D:5)
  An adder skeleton (D:4)
  2 adder zombies (Ossuary)
  A worm (D:3)
  2 dart slugs
  55 orcs
  6 ball pythons
  7 bats
  8 endoplasms
  3 giant cockroaches
  11 hobgoblins
  6 jackals
  A quokka (D:4)
  3 frilled lizards
  8 goblins
  12 hobgoblin zombies (Ossuary)
  A jackal skeleton (D:4)
  19 kobolds
  12 kobold zombies (Ossuary)
  4 orc zombies (Ossuary)
  4 rats
  2 rat zombies (Ossuary)
  A spectral orc (D:9)
750 creatures vanquished.

Vanquished Creatures (collateral kills)
  A blink frog (Lair:6)
  3 yaks (Lair:6)
  A water moccasin (Lair:6)
5 creatures vanquished.

Vanquished Creatures (others)
  An orc warlord (Orc:1)
  An anaconda (Snake:3)
  A shock serpent (Snake:1)
  A goliath frog (Snake:1)
  3 vampire mosquitoes (Snake:1)
  A naga (Snake:3)
  4 orc warriors
  An orc priest (Orc:2)
  2 orc wizards
  9 orcs
  593 foxfires
  41 fungi
  75 plants
733 creatures vanquished.

Grand Total: 1488 creatures vanquished

Notes
Turn   | Place    | Note
-------+----------+-------------------------------------------
     0 | D:1      | robertstho the Djinni Fire Elementalist began the quest for
                  | the Orb.
     0 | D:1      | Reached XP level 1. HP: 15/15 MP: 0/0
   299 | D:1      | Reached XP level 2. HP: 15/21 MP: 0/0
   864 | D:1      | Reached XP level 3. HP: 21/26 MP: 0/0
   864 | D:1      | Learned a level 1 spell: Animate Skeleton
  1513 | D:2      | Reached skill level 3 in Spellcasting
  1975 | D:2      | Reached skill level 1 in Fighting
  2032 | D:2      | Reached XP level 4. HP: 10/32 MP: 0/0
  2329 | D:2      | Noticed Jessica
  2334 | D:2      | Killed Jessica
  2385 | D:2      | Found a burning altar of Makhleb.
  2467 | D:2      | Reached XP level 5. HP: 25/37 MP: 0/0
  2467 | D:2      | Learned a level 2 spell: Searing Ray
  2475 | D:2      | Noticed Robin
  2483 | D:2      | Killed Robin
  2844 | D:2      | Found a runed translucent door.
  2845 | D:2      | Noticed Crazy Yiuf
  3348 | D:3      | Found a faded altar of an unknown god.
  4020 | D:4      | Reached XP level 6. HP: 36/43 MP: 0/0
  4098 | D:4      | Noticed a necrophage
  4103 | D:4      | Killed a necrophage
  4104 | D:4      | Reached skill level 4 in Spellcasting
  4547 | D:5      | Entered Level 5 of the Dungeon
  4566 | D:5      | Reached XP level 7. HP: 33/49 MP: 0/0
  4566 | D:5      | Learned a level 3 spell: Swiftness
  4871 | D:5      | Reached skill level 5 in Spellcasting
  4874 | D:5      | Identified a scroll of acquirement
  4875 | D:5      | Found a shadowy altar of Dithmenos.
  4905 | D:4      | Acquired a +0 hat of see invisible
  4908 | D:4      | Gained mutation: Your muscles are strong. (Str +2) [potion
                  | of mutation]
  4908 | D:4      | Gained mutation: You are partially covered in iridescent
                  | scales. (AC +2) [potion of mutation]
  5083 | D:5      | Reached XP level 8. HP: 11/56 MP: 0/0
  5405 | D:5      | Noticed a yak
  5409 | D:5      | Noticed a yak
  5409 | D:5      | Noticed a yak
  5413 | D:5      | Noticed a yak
  5426 | D:5      | Killed a yak
  5437 | D:5      | Killed a yak
  5438 | D:5      | Reached skill level 6 in Spellcasting
  5441 | D:5      | Killed a yak
  5445 | D:5      | Killed a yak
  5446 | D:5      | Reached skill level 5 in Dodging
  5582 | D:5      | Reached XP level 9. HP: 59/62 MP: 0/0
  5582 | D:5      | Learned a level 4 spell: Cause Fear
  5946 | D:2      | Noticed Sigmund
  5965 | D:2      | Killed Sigmund
  5966 | D:2      | Reached skill level 1 in Axes
  6304 | D:2      | Killed Crazy Yiuf
  6426 | D:6      | Found a staircase to the Ecumenical Temple.
  6440 | Temple   | Entered the Ecumenical Temple
  6525 | D:6      | Noticed Pikel
  6537 | D:6      | Killed Pikel
  6538 | D:6      | Reached skill level 7 in Spellcasting
  6565 | D:6      | Found a sand-covered staircase.
  6581 | Ossuary  | Entered an ossuary
  6741 | Ossuary  | Reached skill level 5 in Fighting
  6974 | D:6      | Reached XP level 10. HP: 67/70 MP: 0/0
  7172 | D:6      | Found an ornate altar of the Wu Jian Council.
  7207 | D:6      | Noticed a komodo dragon
  7247 | D:6      | Killed a komodo dragon
  7448 | D:7      | Noticed Harold
  7460 | D:6      | Killed Harold
  7822 | D:7      | Noticed Maggie
  7909 | D:7      | Acquired the +6 executioner's axe "Keady" {drain, Int+4
                  | Dex+3}
  7928 | D:7      | Reached skill level 8 in Spellcasting
  7930 | D:7      | Killed Maggie
  8007 | D:7      | Noticed Menkaure
  8010 | D:7      | Killed Menkaure
  8011 | D:7      | Reached XP level 11. HP: 74/78 MP: 0/0
  8011 | D:7      | Learned a level 4 spell: Airstrike
  8355 | D:7      | Found a shimmering altar of Xom.
  8513 | D:7      | Identified the +5 pair of gloves "Sowiehesm" {rF+ Stlth+}
  8547 | D:8      | Found Gaeriawazo's Armour Emporium.
  8840 | D:8      | Noticed an elephant
  8841 | D:8      | Found a staircase to the Lair.
  8845 | D:8      | Reached skill level 9 in Spellcasting
  8847 | D:8      | Killed an elephant
  9006 | D:8      | Found Gycostroa's Armour Emporium.
  9144 | D:8      | Found Erphy's Antique Armour Shoppe.
  9152 | D:8      | Bought a twisted troll leather armour for 420 gold pieces
  9152 | D:8      | Identified the +3 troll leather armour "Syorao" {rPois
                  | Will+ Regen+ rCorr Dex-3} (You bought it in a shop on level
                  | 8 of the Dungeon)
  9294 | D:8      | Found Finkuast's General Store.
  9301 | D:8      | Bought a scroll of identify for 28 gold pieces
  9542 | D:9      | Noticed a boulder beetle
  9552 | D:9      | Noticed Maurice
  9553 | D:9      | Killed a boulder beetle
  9584 | D:9      | Killed Maurice
  9711 | D:9      | Found a broken altar of Ashenzari.
  9927 | D:9      | Found a basalt altar of Yredelemnul.
 10056 | D:9      | Reached skill level 10 in Spellcasting
 10056 | D:9      | Reached XP level 12. HP: 70/85 MP: 0/0
 10099 | D:9      | Identified the +5 ring mail of Unesecys {+Inv}
 10104 | D:9      | Found a blossoming altar of Fedhas.
 10140 | D:9      | Noticed Grum
 10143 | D:9      | Killed Grum
 10345 | D:10     | Entered Level 10 of the Dungeon
 10431 | D:10     | Reached skill level 1 in Armour
 10447 | D:10     | Noticed a two-headed ogre
 10453 | D:10     | Killed a two-headed ogre
 10758 | D:10     | Found an opulent altar of Gozag.
 10762 | D:10     | Became a worshipper of Gozag Ym Sagoz the Greedy
 10776 | D:11     | Noticed Nergalle
 10784 | D:11     | Killed Nergalle
 10788 | D:11     | Noticed Psyche
 10795 | D:11     | Killed Psyche
 10830 | D:11     | Found Jaquczent's Armour Shop.
 10830 | D:11     | Found a staircase to the Orcish Mines.
 10980 | D:11     | Noticed a two-headed ogre
 10983 | D:11     | Killed a two-headed ogre
 10984 | D:11     | Reached skill level 10 in Dodging
 11130 | D:11     | Noticed a four-headed hydra
 11133 | D:11     | Killed a four-headed hydra
 11134 | D:11     | Reached skill level 11 in Spellcasting
 11323 | D:11     | Noticed Sonja
 11327 | D:11     | Killed Sonja
 11536 | D:12     | Noticed Rupert
 11539 | D:12     | Paralysed by Rupert for 4 turns
 11540 | D:12     | Noticed a rakshasa
 11659 | Lair:1   | Entered Level 1 of the Lair of Beasts
 11691 | Lair:1   | Reached XP level 13. HP: 49/93 MP: 0/0
 11691 | Lair:1   | Learned a level 5 spell: Summon Mana Viper
 11741 | Lair:1   | Reached skill level 5 in Axes
 12457 | Lair:2   | Noticed a six-headed hydra
 12547 | Lair:2   | Killed a six-headed hydra
 12555 | Lair:2   | Noticed Urug
 12560 | Lair:2   | Killed Urug
 12561 | Lair:2   | Reached skill level 12 in Spellcasting
 12829 | Lair:2   | Noticed an eight-headed hydra
 12834 | Lair:2   | Killed an eight-headed hydra
 13080 | Lair:2   | Found a staircase to the Swamp.
 13360 | Lair:3   | Reached XP level 14. HP: 93/102 MP: 0/0
 13375 | Lair:3   | Reached skill level 10 in Fighting
 13464 | Lair:3   | Found a staircase to the Snake Pit.
 13495 | Lair:3   | Identified the +6 hand axe "Lahod" {elec, rF+ SInv}
 14235 | Lair:3   | Acquired the +1 helmet of a bazaar {rElec rF++ Dex-2
                  | Slay+4}
 14369 | Lair:4   | Reached skill level 13 in Spellcasting
 15854 | Lair:6   | Entered Level 6 of the Lair of Beasts
 15868 | Lair:6   | Reached XP level 15. HP: 79/109 MP: 0/0
 15868 | Lair:6   | Learned a level 6 spell: Eringya's Noxious Bog
 16217 | Lair:6   | Reached skill level 14 in Spellcasting
 16903 | Lair:6   | Found a viscous altar of Jiyva.
 16904 | Lair:6   | Found a staircase to the Slime Pits.
 17324 | Orc:1    | Entered Level 1 of the Orcish Mines
 17412 | Orc:1    | Noticed an orc warlord
 17426 | Orc:1    | Killed an orc warlord
 17720 | Orc:2    | Entered Level 2 of the Orcish Mines
 17781 | Orc:2    | Found Nyurunwe's Assorted Antiques.
 17817 | Orc:2    | Bought a golden ring for 150 gold pieces
 17817 | Orc:2    | Bought a potion of haste for 300 gold pieces
 17817 | Orc:2    | Bought a scroll of acquirement for 1560 gold pieces
 17817 | Orc:2    | Bought a puce potion for 27 gold pieces
 17817 | Orc:2    | Acquired 973 gold pieces
 17870 | Orc:2    | Found a staircase to the Elven Halls.
 18210 | Orc:2    | Found Xufolibe's Book Emporium.
 18210 | Orc:2    | Found Utuyhuen's Jewellery Boutique.
 18220 | Orc:2    | Found Samal's Weapon Boutique.
 18220 | Orc:2    | Found Vaathum's Assorted Antiques.
 18232 | Orc:2    | Bought a ring of see invisible for 255 gold pieces
 18676 | Orc:1    | Found Xyoch's Firing Range.
 18926 | Snake:1  | Entered Level 1 of the Snake Pit
 18926 | Snake:1  | Noticed a nagaraja
 18933 | Snake:1  | Killed a nagaraja
 18934 | Snake:1  | Reached XP level 16. HP: 118/118 MP: 0/0
 19103 | Snake:1  | Noticed Frances
 19146 | Snake:1  | Noticed Nikola
 19162 | Snake:1  | Killed Nikola
 19382 | Snake:1  | Found a runed translucent gate.
 19383 | Snake:1  | Found a runed translucent gate.
 19385 | Snake:1  | Found a runed translucent gate.
 19385 | Snake:1  | Noticed Pusifiv's ghost (adept DjCj)
 19410 | Snake:1  | Reached skill level 15 in Spellcasting
 19623 | Snake:1  | Killed Frances
 19986 | Snake:2  | Acquired 1061 gold pieces
 20679 | Snake:3  | Noticed Kirke
 20697 | Snake:3  | Killed Kirke
 20704 | Snake:3  | Reached XP level 17. HP: 37/125 MP: 0/0
 20704 | Snake:3  | Learned a level 7 spell: Spellforged Servitor
 20710 | Snake:3  | Noticed Saint Roka
 21007 | D:12     | HP: 4/125 [Rupert (42)]
 21009 | D:12     | Mangled by Rupert

Illustrated notes

Levels and vault maps discovered:
D:1:      heliophobic_arrival_dark_side_of_the_moon, layout_rooms,
          minmay_split_cup_small
D:2:      layout_basic, basic_altar, minmay_puff, uniq_sigmund, uniq_jessica,
          uniq_crazy_yiuf_cottage, uniq_robin
D:3:      layout_rooms, basic_ecumenical_altar
D:4:      layout_rooms
D:5:      layout_rooms, grunt_dithmenos_smoke,
          amcnicky_mini_rare_corridor_liquid
D:6:      layout_rooms, mainiacjoe_overflow_six_doors_small,
          minmay_temple_entry_offerings, enter_ossuary_1, glass_columns_a,
          grunt_potential, uniq_pikel
D:7:      cheibrodos_helix_gallery, layout_rooms, kennysheep_little_box,
          xom_butterflies, dk_noncrumbling_3, uniq_menkaure, uniq_maggie,
          uniq_harold
D:8:      layout_layer_cave, david_lair_generic, serial_shops, shop,
          nicolae_stop_n_shop_1, shop, shop
D:9:      layout_small_grid, mainiacjoe_overflow_alcove_2,
          fedhas_ov_isle_minmay, yredelemnul_forgotten_temple_becter,
          uniq_maurice, uniq_grum
D:10:     layout_basic, gammafunk_temple_overflow_elements
D:11:     layout_basic, orc_david_3, interstate_on_off, uniq_sonja,
          uniq_nergalle, uniq_psyche
D:12:     cheibrodos_fzero, layout_rooms, uniq_rupert
Temple:   cyrus_circular_temple
Lair:1:   beast_lair_carwin_large_4, layout_misc_corridors
Lair:2:   layout_misc_corridors, minmay_swamp_entry_worms, uniq_urug
Lair:3:   layout_misc_corridors, guppyfry_snake_entry_island, special_room
          [special_room_bee], chequers_serial_rivers_large_a,
          bobbens_dragon_lair_wall, grunt_megastairs_2
Lair:4:   layout_roguey, infiniplex_staircase_pool_2, grunt_megastairs_3
Lair:5:   layout_cave_pods, chequers_serial_rivers_micro_d, minivault_23
Lair:6:   hangedman_lair_tendril_chambers, layout_regular_city,
          dpeg_slime_entry_enclosed_altar, infiniplex_staircase_pool,
          lemuel_fruit_tree
Snake:1:  onia_ninara_swampy_vault, layout_honeycomb, gammafunk_ghost_split,
          minmay_snake_pond, uniq_nikola, uniq_frances
Snake:2:  layout_gridlike, serial_bayou_shore_a, grunt_megastairs_1
Snake:3:  layout_cave_town, uniq_saint_roka, uniq_kirke
Orc:1:    layout_caves, nicolae_shop_firing_range
Orc:2:    grunt_orc_tribal_feast, layout_caves, serial_shops, shop,
          nicolae_orc_bridge_out

Skill      XL: |  1  2  3  4  5  6  7  8  9 10 11 12 13 14 15 16 |
---------------+-------------------------------------------------+-----
Spellcasting   | 3 4 5 6 7 8 10 11 12 13 14 15 | 15.6
Fighting       | 1 2 3 4 5 6 7 8 9 10 11 12 | 12.5
Dodging        | 3 4 5 6 8 9 10 11 12 13 | 13.4
Stealth        | 2 3 4 |  4.8
Axes           | 2 4 6 7 |  7.6
Armour         | 2 3 4 |  4.6

Action                   |  1- 3 |  4- 6 |  7- 9 | 10-12 | 13-15 | 16-18 || total
-------------------------+-------+-------+-------+-------+-------+-------++-------
Melee: Spear             |     1 |       |       |       |       |       ||     1
       War axe           |       |     2 |    95 |    27 |       |       ||   124
       Executioner's axe |       |       |       |     8 |    37 |    20 ||    65
 Cast: Foxfire           |    84 |   143 |   129 |       |       |       ||   356
       Sticky Flame      |       |       |    25 |    17 |    57 |    28 ||   127
       Conjure Flame     |       |       |     1 |       |       |       ||     1
       Fireball          |       |       |     2 |   212 |   433 |   166 ||   813
       Airstrike         |       |       |       |     7 |    34 |     2 ||    43
       Summon Mana Viper |       |       |       |       |     3 |     3 ||     6
       Eringya's Noxious |       |       |       |       |     6 |     1 ||     7
Invok: Potion Petition   |       |       |       |       |       |     1 ||     1
       Bribe Branch      |       |       |       |       |       |     1 ||     1
  Use: Scroll            |     2 |     1 |     6 |    17 |     5 |     5 ||    36
       Potion            |       |       |     8 |       |       |     3 ||    11
 Stab: Sleeping          |       |       |     1 |     1 |     2 |       ||     4
       Distracted        |       |       |     1 |       |       |       ||     1
Armor: Robe              |       |     8 |    35 |    19 |       |       ||    62
       Troll leather arm |       |       |       |     9 |    48 |    31 ||    88
Dodge: Dodged            |    13 |    16 |   138 |    74 |   144 |    77 ||   462
